 Dungeon Crawl Stone Soup version 0.18-a0-987-g0b0e4e7 (webtiles) character file.

392 tof the Covered (level 6, -5/48 HPs)
             Began as a Demonspawn Fighter on Jan 3, 2016.
             Killed by divine providence
             ... invoked by an orc priest
              (10 damage)
             ... on level 4 of the Dungeon.
             The game lasted 00:14:07 (3901 turns).

tof the Covered (Demonspawn Fighter)                Turns: 3901, Time: 00:14:07

Health: -5/48      AC:  9    Str: 16    XL:     6   Next: 50%
Magic:  24/24      EV: 11    Int: 10    God:
Gold:   200        SH:  0    Dex: 16    Spells: 0 memorised, 5 levels left

rFire  . . .     SeeInvis .     y - +1 great sword
rCold  . . .     Gourm    .     b - +0 scale mail
rNeg   . . .     Faith    .     (shield currently unavailable)
rPois  .         Spirit   .     (helmet restricted)
rElec  .         Dismiss  .     g - +0 cloak
rCorr  .         Reflect  .     h - +0 pair of gloves
SustAt .         Harm     .     (no boots)
MR     .....                    (no amulet)
Stlth  ..........               o - ring of magical power
                                n - ring of magical power

@: not resistant to hostile enchantments, extremely unstealthy
A: antennae 1, agile 1, demonic guardian 1, rot immunity
a: no special abilities


You were on level 4 of the Dungeon.
You were not hungry.

You visited 1 branch of the dungeon, and saw 5 of its levels.

You collected 200 gold pieces.

Inventory:

Hand Weapons
 a - a +0 long sword
 y - a +1 great sword (weapon)
Armour
 b - a +0 scale mail (worn)
 c - a +0 shield
 g - a +0 cloak (worn)
 h - a +0 pair of gloves (worn)
 p - a +0 helmet
Jewellery
 n - a ring of magical power (left hand)
 o - a ring of magical power (right hand)
Scrolls
 e - 6 scrolls of remove curse
 k - 3 scrolls of identify
 q - a scroll of teleportation
 s - a scroll of blinking
 t - a scroll of random uselessness
 A - a scroll of enchant weapon
Potions
 d - a potion of might
 l - a potion of heal wounds {unknown}
 r - a potion of magic {unknown}
Comestibles
 f - 4 bread rations
 i - 2 meat rations
 j - 6 chunks of flesh
 m - 3 fruits


   Skills:
 + Level 3.7 Fighting
 * Level 3.4 Long Blades
 * Level 3.9 Armour
 * Level 2.9 Dodging
 + Level 0.2 Stealth
 - Level 3.5 Shields


You had 5 spell levels left.
You didn't know any spells.

Dungeon Overview and Level Annotations

Branches:
Dungeon (5/15)
 Temple: D:4-7

Altars:

Annotations:
D:4 Chiseanne's ghost, amateur DsFi


Innate Abilities, Weirdness & Mutations

You have a pair of small antennae on your head.
A weak demonic guardian rushes to your aid.
You are immune to rotting.
You are agile. (Dex +2)


Message History

The orc warrior hits your white imp with a mace!
Your white imp barely misses the orc warrior.
There is a stone staircase leading up here.
The orc warrior hits your white imp with a mace!
Your white imp dies!
You climb upwards.
You hear the sound of rushing water.
There is an entrance to a sewer on this level.
Hurry and find it before the portal rusts away!
You hear the drain falling apart.
The walls and floor vibrate strangely for a moment.
Level annotation: Chiseanne's ghost, amateur DsFi The orc shouts!
There is a stone staircase leading down here.
An orc priest comes into view. It is wielding a club.
The orc priest shouts!
A hobgoblin comes into view. It is wielding a club.
The hobgoblin shouts!
The orc priest mumbles some strange prayers to Beogh against you.
Something smites you!
You die...

## #. ###. ...
#
######.##.#.#.#
.......@......#
#######.#.#....
.o# # # ...#
..... #....#
+..... #..go#


You could see an orc priest, an orc and a hobgoblin.

Vanquished Creatures
  A big kobold (D:4)
  A crimson imp (D:5)
  A giant frog zombie (D:5)
  A hound (D:5)
  A worker ant (D:4)
  An iguana (D:5)
  6 adders (D:2)
  2 oozes
  An adder skeleton (D:3)
  3 worms
  3 giant geckos
  2 orcs (D:3)
  11 bats
  5 giant cockroaches
  4 goblins (D:3)
  11 hobgoblins
  5 jackals (D:2)
  29 kobolds
  A quokka (D:2)
  2 ball pythons (D:2)
  4 giant newts
  11 rats
106 creatures vanquished.

Vanquished Creatures (collateral kills)
  An orc priest (D:3)
  2 orcs (D:3)
  2 kobolds (D:4)
5 creatures vanquished.

Vanquished Creatures (others)
  10 plants (D:4)
10 creatures vanquished.

Grand Total: 121 creatures vanquished

Notes
Turn   | Place    | Note
--------------------------------------------------------------
     0 | D:1      | tof the Demonspawn Fighter began the quest for the Orb.
     0 | D:1      | Reached XP level 1. HP: 18/18 MP: 1/1
   236 | D:1      | Gained mutation: A weak demonic guardian rushes to your aid. [demonic ancestry]
   236 | D:1      | Reached XP level 2. HP: 24/24 MP: 2/2
   820 | D:1      | Gained mutation: You are immune to rotting. [demonic ancestry]
   820 | D:1      | Reached XP level 3. HP: 26/29 MP: 3/3
  1374 | D:2      | Reached XP level 4. HP: 25/35 MP: 4/4
  1476 | D:2      | Reached skill level 1 in Dodging
  2346 | D:3      | Reached XP level 5. HP: 41/41 MP: 5/5
  3060 | D:4      | Gained mutation: You are agile. (Dex +2) [potion of mutation]
  3060 | D:4      | Gained mutation: You are robust (+10% HP). [potion of mutation]
  3060 | D:4      | Lost mutation: You are robust (+10% HP). [potion of mutation]
  3445 | D:4      | Noticed Chiseanne's ghost (amateur DsFi)
  3468 | D:5      | Entered Level 5 of the Dungeon
  3764 | D:5      | Gained mutation: You have a pair of small antennae on your head. [demonic ancestry]
  3764 | D:5      | Reached XP level 6. HP: 42/48 MP: 6/6
  3889 | D:5      | Noticed an orc warrior
  3901 | D:4      | Killed from afar by an orc priest

Vault maps used:
D:1:      lightli_arrival_windingriver, minmay_rat_gold_closets
D:2:      first_bread
D:4:      kennysheep_kobold_camp, nicolae_gozag_cash_rules_everything_around_me,
          gup_sewer_entry_spiral, minmay_misc_feat_pillars, serial_park_tiny_1
D:5:      lemuel_coloured_pillars_altar, minmay_temple_entry_enclosed_plants

Action                   |  1- 3 |  4- 6 || total
-------------------------+-------+-------++-------
Melee: Long sword        |   183 |   119 ||   302
       Great sword       |       |   131 ||   131
  Use: Scroll            |       |     8 ||     8
       Potion            |       |     5 ||     5
  Eat: Chunk             |     2 |     7 ||     9
       Fruit             |       |     2 ||     2
